 Dungeon Crawl Stone Soup version bcrawl-1.15 (webtiles) character file.

Game seed: 4142602648561672031

21 Chiseanne the Sneak (level 2, -7/19 HPs)
             Began as an Octopode Archaeologist on Sept 22, 2019.
             Mangled by a kobold
             ... wielding a +4 short sword of electrocution
              (13 damage)
             ... on level 2 of the Dungeon.
             The game lasted 00:01:12 (816 turns).

Chiseanne the Sneak (Octopode Archaeologist)         Turns: 816, Time: 00:01:13

Health: -7/19      AC:  2    Str: 10    XL:     2   Next: 87%
Magic:  2/2        EV: 14    Int: 16    God:
Gold:   115        SH:  0    Dex: 10    Spells: 1/1 levels left

rFire    . . .     SeeInvis .   a - +1 dagger (venom)
rCold    . . .     Gourm    .   (no shield)
rNeg     . . .     Faith    .   b - +1 hat
rPois    .         Spirit   .   (cloak restricted)
rElec    .         Reflect  .   (no amulet)
rCorr    .         Harm     .   (no ring)
MR       .....                  (no ring)
Stlth    +++.......             (no ring)
HPRegen  0.06/turn              (no ring)
MPRegen  0.08/turn              (no ring)
                                (no ring)
                                (no ring)
                                (no ring)

@: no status effects
A: almost no armour, stealthy swim, amphibious, 8 rings, constrict 8, camouflage
1, gelatinous body 1
a: no special abilities


You were on level 2 of the Dungeon.
You were not hungry.

You visited 1 branch of the dungeon, and saw 2 of its levels.

You collected 115 gold pieces.

Inventory:

Hand Weapons
 a - a +1 dagger of venom (weapon)
Missiles
 i - 529 stones (quivered)
 j - 54 tomahawks
 o - 77 arrows
 p - 143 sling bullets
 q - 43 needles of confusion
Armour
 b - a +1 hat (worn)
Scrolls
 g - 2 scrolls of magic mapping {unknown}
 h - 4 scrolls of identify {unknown}
 k - a scroll of enchant armour {unknown}
 l - a scroll of immolation {unknown}
 n - a scroll of remove curse {unknown}
 t - 2 scrolls of amnesia {unknown}
Potions
 e - a potion of lignification {unknown}
 m - a potion of haste {unknown}
 r - a potion of degeneration {unknown}
 s - a potion of curing {unknown}
Miscellaneous
 c - a dusty tome
 d - an ancient crate
Comestibles
 f - 4 rations {!d}


   Skills:
 * Level 2.0 Fighting
   Level 1.0 Maces & Flails
 * Level 3.5 Dodging
 - Level 4.4 Stealth


You had one spell level left.
You didn't know any spells.
Your spell library was empty.

Dungeon Overview and Level Annotations

Branches:
Dungeon (2/12)

Altars:


Innate Abilities, Weirdness & Mutations

You cannot wear most types of armour.
You are very stealthy in the water. (Stealth+)
You are amphibious.
You can wear up to eight rings at the same time.
You can use your tentacles to constrict eight enemies at once.
Your skin changes colour to match your surroundings (Stealth+).
Your rubbery body absorbs attacks. (AC +1, EV +1)


Message History

You kill the ball python!
You see here a ball python corpse.
t - 2 scrolls labeled SYDOTUTSIV You now have 115 gold pieces (gained 12).
g - 2 scrolls labeled NAGRED URIRO (gained 1)
There is a stone staircase leading down here.
You open the door.
There is an open door here.
A kobold comes into view.
It is wielding a +4 short sword of electrocution.
The kobold shouts!
The kobold throws a stone.
The stone barely misses you.
The kobold throws a stone.
The stone hits you but does no damage.
The kobold throws a stone.
The stone hits you.
The kobold hits you with a +4 short sword of electrocution.
You hit the kobold but do no damage.
The kobold is poisoned.
You grab the kobold. You constrict the kobold.
The kobold hits you with a +4 short sword of electrocution.
You are electrocuted!
Ouch! That really hurt!
You die...

....### #. #..... ..
#.#.### #. ######......
##.## #.....<..### ...#
#.####..###. #..# #......
##.K# # #...##. #.. #..@#
.# # #...###
#..##...###.#.# #......
#.............# #....##
............#.# #......
.........##.######...###
####....................
###.##..##....###....#.
'#..............'.#.....#
...##.##..###.<.#.#......


You could see a kobold.

Vanquished Creatures
  A dart slug (D:1)
  A leopard gecko (D:1)
  2 bats (D:1)
  3 goblins (D:1)
  A hobgoblin (D:1)
  2 ball pythons
  2 frilled lizards (D:1)
  4 kobolds (D:1)
  4 rats (D:1)
20 creatures vanquished.

Notes
Turn   | Place    | Note
-------+----------+-------------------------------------------
     0 | D:1      | Chiseanne the Octopode Archaeologist began the quest for
                  | the Orb.
     0 | D:1      | Reached XP level 1. HP: 13/13 MP: 1/1
   184 | D:1      | Reached XP level 2. HP: 18/18 MP: 2/2
   816 | D:2      | Mangled by a kobold

Skill      XL: |  1  2 |
---------------+-------+-----
Fighting       | 2 |  2.0
Maces & Flails | |  1.0
Dodging        | |  3.5
Stealth        | |  4.4

Action                   || total
-------------------------++-------
Melee: Whip              ||    15
       Constrict         ||     9
       Tentacles         ||     4
       Dagger            ||    17
 Stab: Sleeping          ||     7
Armor: Skin              ||     2
Dodge: Dodged            ||    15
